[Event "ICC tourney 3015 (30 10)"]
[Site "Internet Chess Club"]
[Date "2022.09.24"]
[Round "3"]
[White "OLSON, NATHAN R:wildrumpus"]
[Black "GUTIERREZ, AUGUSTO E:elytito2017"]
[Result "0-1"]
[ICCResult "White resigns"]
[WhiteElo "1423"]
[BlackElo "1707"]
[Opening "Dutch"]
[ECO "A80"]
[NIC "HD.12"]
[Time "16:00:25"]
[PlyCount "104"]
[TimeControl "1800+10"]

1. d4 f5 2. Nf3 Nf6 3. e3 e6 4. Be2 b6 5. O-O Bb7 6. b3 Be7 7. Bb2 O-O 8. c4
Ne4 9. Nc3 Nxc3 10. Bxc3 Bf6 11. Qc2 d6 12. Rad1 Qe8 13. Rfe1 Nd7 14. Nd2
Qg6 15. Bf3 Bxf3 16. Nxf3 e5 17. dxe5 Nxe5 18. Nxe5 dxe5 19. Rd7 Rac8 20.
Red1 a5 21. R1d5 e4 22. h3 Bxc3 23. Qxc3 f4 24. exf4 Rxf4 25. Qe3 Rcf8 26.
Kh2 h6 27. Qg3 Qxg3+ 28. Kxg3 Rxf2 29. Rxc7 Rxa2 30. Rdd7 Rff2 31. Rxg7+ Kf8
32. Kh4 Rad2 33. Kh5 Rd8 34. Kxh6 e3 35. Kh7 Ke8 36. Rce7+ Kf8 37. Rxe3 Rd6
38. Rf3+ Rxf3 39. gxf3 Rd3 40. Rb7 Rxb3 41. c5 Rxf3 42. c6 Rxh3+ 43. Kg6 Rc3
44. c7 Ke8 45. Rxb6 Rxc7 46. Ra6 Rc5 47. Kf6 Kd7 48. Re6 Rc6 49. Rxc6 Kxc6
50. Ke5 Kc5 51. Ke4 Kc4 52. Ke3 Kc3 {White resigns} 0-1

[Event "ICC tourney 3015 (30 10)"]
[Site "Internet Chess Club"]
[Date "2022.09.24"]
[Round "3"]
[White "SULTAN, BASHIR Cisse:muzikmixer"]
[Black "MALAKAR, SAARTHAK:iamvoltu"]
[Result "1/2-1/2"]
[ICCResult "Game drawn by mutual agreement"]
[WhiteElo "1643"]
[BlackElo "1693"]
[Opening "English: Caro-Kann defensive system"]
[ECO "A11"]
[NIC "EO.64"]
[Time "16:00:31"]
[PlyCount "132"]
[TimeControl "1800+10"]

1. c4 c6 2. Nf3 d5 3. e3 Nf6 4. Nc3 Bg4 5. cxd5 Bxf3 6. Qxf3 cxd5 7. Bb5+
Nc6 8. d4 e6 9. O-O Bd6 10. Bd2 O-O 11. Bxc6 bxc6 12. e4 dxe4 13. Nxe4 Nxe4
14. Qxe4 Qd7 15. Rac1 Rac8 16. Rc4 c5 17. Rfc1 cxd4 18. Qxd4 Rxc4 19. Rxc4
Rd8 20. Bf4 Bc5 21. Qxd7 Rxd7 22. Kf1 Bb6 23. Rc8+ Rd8 24. Rxd8+ Bxd8 25.
Be3 a5 26. Ke2 Kf8 27. Bd4 f6 28. Kd3 e5 29. Bc3 Bb6 30. f3 Ke7 31. Kc4 Kd6
32. Kb5 Bd4 33. Bxd4 exd4 34. Kc4 Ke5 35. b3 g5 36. a3 f5 37. b4 a4 38. b5
d3 39. Kxd3 Kd5 40. b6 Kc6 41. b7 Kxb7 42. Kc4 Kc6 43. Kb4 Kd5 44. Kxa4 g4
45. Kb5 h5 46. a4 h4 47. h3 g3 48. a5 Kd4 49. a6 Ke3 50. a7 Kf2 51. a8=Q
Kxg2 52. f4+ Kh2 53. Qf3 g2 54. Qf2 Kh1 55. Qf3 Kh2 56. Qf2 Kh1 57. Qxh4
g1=Q 58. Kc6 Qd4 59. Qg5 Qc3+ 60. Kd6 Qxh3 61. Ke5 Qg4 62. Qh6+ Kg2 63. Qg5
Kf3 64. Qxf5 Qg7+ 65. Qf6 Qc7+ 66. Kf5 Qxf4+ {Game drawn by mutual
agreement} 1/2-1/2

[Event "ICC tourney 3015 (30 10)"]
[Site "Internet Chess Club"]
[Date "2022.09.24"]
[Round "4"]
[White "Mehta, Aarav Amit:amitmehta22"]
[Black "Jones, Richard S:weakfish"]
[Result "1-0"]
[ICCResult "Black resigns"]
[WhiteElo "1292"]
[BlackElo "1378"]
[Opening "Caro-Kann: advance variation"]
[ECO "B12"]
[NIC "CK.04"]
[Time "18:00:16"]
[PlyCount "39"]
[TimeControl "1800+10"]

1. e4 c6 2. d4 d5 3. e5 Bf5 4. h4 h6 5. g4 Be4 6. f3 Bg6 7. h5 Bh7 8. e6
fxe6 9. Bd3 Bxd3 10. Qxd3 Nf6 11. Qg6+ Kd7 12. Ne2 Qe8 13. Qd3 Na6 14. Nf4
Nc7 15. Nc3 Qf7 16. Na4 b6 17. c4 dxc4 18. Qxc4 Nfd5 19. Ng6 Qxf3 20. Ne5+
{Black resigns}
1-0

[Event "ICC tourney 3015 (30 10)"]
[Site "Internet Chess Club"]
[Date "2022.09.24"]
[Round "4"]
[White "ZHOU, ALEXANDER ZHENG:Lailaiking"]
[Black "HAMLETT, JAMES MORRISON:Hamlett144"]
[Result "1-0"]
[ICCResult "Black resigns"]
[WhiteElo "1114"]
[BlackElo "1232"]
[Opening "Grünfeld with e3 & Bd3"]
[ECO "D94"]
[NIC "GI.09"]
[Time "18:01:09"]
[PlyCount "45"]
[TimeControl "1800+10"]

1. d4 Nf6 2. c4 g6 3. Nc3 d5 4. e3 Bg7 5. Nf3 O-O 6. Bd3 Bg4 7. h3 Bxf3 8.
Qxf3 e6 9. g4 c6 10. h4 Nbd7 11. h5 g5 12. e4 dxc4 13. Bxc4 b5 14. Bd3 b4
15. Ne2 c5 16. Bxg5 cxd4 17. e5 Nxe5 18. Qh3 Qd5 19. Nf4 Nxd3+ 20. Nxd3 Nxg4
21. Rg1 Qe4+ 22. Kd2 Nf6 23. Bxf6 {Black resigns} 1-0

[Event "ICC tourney 3015 (30 10)"]
[Site "Internet Chess Club"]
[Date "2022.09.24"]
[Round "4"]
[White "Wu, Zhuoyuan:Jake000"]
[Black "GUTIERREZ, AUGUSTO E:elytito2017"]
[Result "0-1"]
[ICCResult "White resigns"]
[WhiteElo "1351"]
[BlackElo "1707"]
[Opening "Sicilian"]
[ECO "B56"]
[NIC "SI.25"]
[Time "18:00:32"]
[PlyCount "92"]
[TimeControl "1800+10"]

1. e4 c5 2. Nf3 Nc6 3. d4 cxd4 4. Nxd4 Nf6 5. Nc3 d6 6. Bb5 Bd7 7. Nxc6 bxc6
8. Bc4 e6 9. O-O Be7 10. Bg5 Qc7 11. Bb3 O-O 12. Bxf6 Bxf6 13. Qf3 d5 14.
exd5 cxd5 15. Rad1 Bc6 16. Qd3 a5 17. a3 a4 18. Ba2 Rab8 19. b3 axb3 20.
Bxb3 Qa5 21. Ne2 Bb5 22. Qd2 Qxa3 23. Ra1 Bxa1 24. Rd1 Bxe2 25. Qxe2 Bf6 26.
Rb1 g6 27. Qf3 Kg7 28. Qd3 Rfc8 29. Qd1 Qc5 30. Qe2 h5 31. Rd1 Qc3 32. Rd3
Qe5 33. Qd1 Rc3 34. Rd2 Rb4 35. g3 h4 36. Qf1 hxg3 37. hxg3 Qf5 38. Qe2 Re4
39. Qf1 Qg5 40. Rd1 Bd4 41. Kg2 Bc5 42. Rc1 Bxf2 43. Qxf2 Qxc1 44. Kh2 Qh6+
45. Kg2 Qh5 46. Kg1 Qg4 {White resigns} 0-1

[Event "ICC tourney 3015 (30 10)"]
[Site "Internet Chess Club"]
[Date "2022.09.24"]
[Round "4"]
[White "Mason, Mike W:MikeWMason"]
[Black "PEESA, RAHUL:RahulPeesa"]
[Result "0-1"]
[ICCResult "White resigns"]
[WhiteElo "1587"]
[BlackElo "1269"]
[Opening "Caro-Kann: Tartakower (Nimzovich) variation"]
[ECO "B15"]
[NIC "CK.06"]
[Time "18:00:31"]
[PlyCount "58"]
[TimeControl "1800+10"]

1. e4 c6 2. d4 d5 3. Nd2 dxe4 4. Nxe4 Nf6 5. Nxf6+ exf6 6. c3 Bd6 7. Bd3 O-O
8. Qc2 Re8+ 9. Ne2 h5 10. Be3 Nd7 11. O-O-O Nf8 12. h3 Be6 13. g4 h4 14. Kb1
b5 15. Nc1 a5 16. Rde1 Bd5 17. Rhg1 Bh2 18. g5 Bxg1 19. Rxg1 fxg5 20. Bxg5
Qd6 21. Bxh4 Qh2 22. Rg3 Re1 23. Bf6 g6 24. Bxg6 fxg6 25. Rxg6+ Kf7 26. Be5
Be4 27. Rf6+ Ke7 28. Qxe4 Rxe4 29. Bxh2 Kxf6 {White resigns} 0-1

[Event "ICC tourney 3015 (30 10)"]
[Site "Internet Chess Club"]
[Date "2022.09.24"]
[Round "4"]
[White "ANGEL, BORYS:BArkadia"]
[Black "PU, LANDON:landonp"]
[Result "0-1"]
[ICCResult "White resigns"]
[WhiteElo "1342"]
[BlackElo "1586"]
[Opening "Giuoco Pianissimo: Italian four knights variation"]
[ECO "C50"]
[NIC "IG.02"]
[Time "18:00:19"]
[PlyCount "108"]
[TimeControl "1800+10"]

1. e4 e5 2. Nf3 Nc6 3. Bc4 Bc5 4. Nc3 Nf6 5. d3 h6 6. Ne2 Na5 7. Nxe5 O-O 8.
h3 d6 9. Nf3 Nxc4 10. dxc4 Nxe4 11. O-O Re8 12. Bf4 Qf6 13. Be3 Bxh3 14.
Bxc5 Nxc5 15. Ng3 Bg4 16. Re1 Rxe1+ 17. Qxe1 Bxf3 18. gxf3 Ne6 19. Rd1 Qxf3
20. Rd3 Qg4 21. Qe3 Qxc4 22. Ne4 Re8 23. Nf6+ Kf8 24. Nxe8 Kxe8 25. Qxa7
Qxc2 26. Qe3 Qxb2 27. Rc3 Kf8 28. Rb3 Qa1+ 29. Kg2 Qxa2 30. Kh2 b6 31. Kg3
Qa5 32. Kg2 Qg5+ 33. Qxg5 Nxg5 34. Rc3 Ne6 35. Kg3 Ke7 36. Kg4 b5 37. f4 c5
38. Re3 Kf6 39. Rd3 Nd4 40. Ra3 b4 41. Ra6 Nf5 42. Rb6 g6 43. Kf3 h5 44. Rb7
Nd4+ 45. Ke4 h4 46. Kd5 h3 47. Ra7 h2 48. Ra1 b3 49. Kxd6 b2 50. Rb1 c4 51.
Kd5 c3 52. Kxd4 c2 53. Rxb2 c1=Q 54. Rxh2 Qxf4+ {White resigns} 0-1

[Event "ICC tourney 3015 (30 10)"]
[Site "Internet Chess Club"]
[Date "2022.09.24"]
[Round "4"]
[White "MALAKAR, SAARTHAK:iamvoltu"]
[Black "Doan Giang, Nguyen Doan:Doctorstrange04"]
[Result "1-0"]
[ICCResult "Black checkmated"]
[WhiteElo "1693"]
[BlackElo "1763"]
[Opening "King's Indian: fianchetto without c4"]
[ECO "A49"]
[NIC "EO.26"]
[Time "18:00:29"]
[PlyCount "115"]
[TimeControl "1800+10"]

1. d4 Nf6 2. Nf3 g6 3. g3 Bg7 4. Bg2 c5 5. O-O O-O 6. c4 cxd4 7. Nxd4 Nc6 8.
Nc3 Qa5 9. Nb3 Qh5 10. e3 Qxd1 11. Rxd1 d6 12. Nd4 Bd7 13. b3 Rab8 14. Bb2
Rfc8 15. Rac1 Bg4 16. Rd2 h5 17. h3 Bd7 18. Nce2 Nxd4 19. exd4 Bh6 20. f4
Bf5 21. d5 Bd7 22. Rcd1 b5 23. cxb5 Bxb5 24. Nd4 h4 25. Nc6 Bxc6 26. dxc6
Nh5 27. Rc2 Rc7 28. Bc3 Rb5 29. a4 Rxb3 30. Ba5 Rc8 31. c7 hxg3 32. Bd5 Ra3
33. Bb7 Rxc7 34. Bxc7 Nxf4 35. Bg2 Ne6 36. Ba5 Be3+ 37. Kf1 Rxa4 38. Bd2 Bc5
39. Rc3 Bf2 40. Be1 Nf4 41. Rf3 e5 42. Bxf2 gxf2 43. Rxf2 Kf8 44. Rfd2 f5
45. Rxd6 e4 46. Rd7 e3 47. Rb1 e2+ 48. Kf2 e1=Q+ 49. Rxe1 Ra2+ 50. Kf3 Nxg2
51. Rb1 Nh4+ 52. Kg3 Ke8 53. Rh7 Rg2+ 54. Kf4 g5+ 55. Ke5 Ng6+ 56. Kf6 Ne7
57. Rxe7+ Kd8 58. Rb8# {Black checkmated} 1-0

[Event "ICC tourney 3015 (30 10)"]
[Site "Internet Chess Club"]
[Date "2022.09.24"]
[Round "5"]
[White "GUTIERREZ, AUGUSTO E:elytito2017"]
[Black "ANGEL, BORYS:BArkadia"]
[Result "1-0"]
[ICCResult "Black resigns"]
[WhiteElo "1707"]
[BlackElo "1342"]
[Opening "Scotch: Mieses variation"]
[ECO "C45"]
[NIC "SO.04"]
[Time "20:00:12"]
[PlyCount "73"]
[TimeControl "1800+10"]

1. e4 e5 2. Nf3 Nc6 3. d4 exd4 4. Nxd4 Nf6 5. Nxc6 bxc6 6. e5 Ne4 7. Bd3 Nc5
8. Be2 Be7 9. O-O O-O 10. Nd2 d5 11. Nf3 Ne6 12. Be3 c5 13. c3 c6 14. Qa4
Bd7 15. Rfd1 Rb8 16. Rd2 d4 17. cxd4 cxd4 18. Nxd4 c5 19. Nxe6 fxe6 20. Qxd7
Qxd7 21. Rxd7 Rxb2 22. Bc4 Kf7 23. Bxc5 Re8 24. Bxe7 Rxe7 25. Rxe7+ Kxe7 26.
Bb3 Re2 27. f4 Re4 28. g3 g5 29. Rf1 g4 30. Kf2 a5 31. Re1 Rb4 32. Rc1 a4
33. Rc7+ Kd8 34. Rc4 Rxc4 35. Bxc4 a3 36. Bxe6 Ke7 37. Bxg4 {Black resigns}
1-0

[Event "ICC tourney 3015 (30 10)"]
[Site "Internet Chess Club"]
[Date "2022.09.24"]
[Round "5"]
[White "SULTAN, BASHIR Cisse:muzikmixer"]
[Black "PU, LANDON:landonp"]
[Result "1-0"]
[ICCResult "Black resigns"]
[WhiteElo "1643"]
[BlackElo "1586"]
[Opening "English: Anglo-Grünfeld defense"]
[ECO "A16"]
[NIC "EO.52"]
[Time "20:00:06"]
[PlyCount "65"]
[TimeControl "1800+10"]

1. c4 Nf6 2. Nc3 d5 3. cxd5 Nxd5 4. Nf3 g6 5. h4 Bg7 6. e4 Nxc3 7. dxc3
Qxd1+ 8. Kxd1 c5 9. Be3 b6 10. h5 Bb7 11. Nd2 Nc6 12. f3 Ne5 13. Kc2 O-O-O
14. Nc4 e6 15. Bg5 Rd7 16. h6 Nxc4 17. hxg7 Rg8 18. Bxc4 Rxg7 19. Bf6 Rg8
20. Rxh7 Kc7 21. Bb5 Bc6 22. Bxc6 Kxc6 23. Rd1 Rc7 24. Rdh1 Rb8 25. Be5 Rbb7
26. Bxc7 Rxc7 27. Rg7 Kd6 28. Rhh7 Ke5 29. Rxf7 Rc6 30. Rxa7 b5 31. Rad7 Rd6
32. Rxd6 Kxd6 33. Rg7 {Black resigns} 1-0

[Event "ICC tourney 3015 (30 10)"]
[Site "Internet Chess Club"]
[Date "2022.09.24"]
[Round "5"]
[White "SCHROMBECK, JON A:Gm374"]
[Black "ZHOU, ALEXANDER ZHENG:Lailaiking"]
[Result "1-0"]
[ICCResult "Black checkmated"]
[WhiteElo "1164"]
[BlackElo "1114"]
[Opening "Queen's bishop game"]
[ECO "D02"]
[NIC "QP.09"]
[Time "20:00:06"]
[PlyCount "99"]
[TimeControl "1800+10"]

1. Nf3 d5 2. d4 Nf6 3. Bf4 Bf5 4. e3 e6 5. a3 c5 6. c3 Nc6 7. b4 Bxb1 8.
Rxb1 c4 9. Qa4 Bd6 10. b5 Ne7 11. Ne5 Bxe5 12. Bxe5 Ne4 13. b6+ Nc6 14. Qc2
Nxe5 15. dxe5 axb6 16. Bxc4 Rxa3 17. Bb3 Qg5 18. O-O Qxe5 19. c4 O-O 20.
cxd5 exd5 21. Rfd1 Nc3 22. Qb2 Rxb3 23. Qxb3 Nxb1 24. Rxb1 Rc8 25. Qxb6 Qc7
26. Qb2 Qc2 27. g3 Qxb2 28. Rxb2 Rc7 29. Kg2 Kf8 30. f4 Ke7 31. Rb6 Kd7 32.
Kf3 Kc8 33. e4 d4 34. e5 Rd7 35. f5 Kc7 36. Rb1 Kc6 37. Ke4 d3 38. Rd1 b5
39. e6 fxe6 40. fxe6 Rd6 41. Ke5 b4 42. Rc1+ Kb5 43. Kxd6 b3 44. e7 d2 45.
Rd1 Ka4 46. e8=Q+ Ka3 47. Rxd2 b2 48. Qe3+ Ka2 49. Qc3 Ka1 50. Qxb2#
{Black checkmated}
1-0

[Event "ICC tourney 3015 (30 10)"]
[Site "Internet Chess Club"]
[Date "2022.09.24"]
[Round "5"]
[White "PEESA, RAHUL:RahulPeesa"]
[Black "Mehta, Aarav Amit:amitmehta22"]
[Result "0-1"]
[ICCResult "White checkmated"]
[WhiteElo "1269"]
[BlackElo "1292"]
[Opening "King's Indian: Torre attack"]
[ECO "A48"]
[NIC "QP.01"]
[Time "20:00:10"]
[PlyCount "80"]
[TimeControl "1800+10"]

1. d4 Nf6 2. Nf3 g6 3. Bg5 Bg7 4. Nbd2 d6 5. c3 O-O 6. e4 Nbd7 7. Bd3 h6 8.
Bh4 c5 9. O-O a6 10. Re1 Qc7 11. e5 Nd5 12. e6 fxe6 13. Bxg6 Nf4 14. Bc2 Nf6
15. Ne4 b6 16. Nxf6+ exf6 17. Bg3 e5 18. Bxf4 exf4 19. Qe2 f5 20. Nh4 cxd4
21. Nxf5 Bxf5 22. Bxf5 Rxf5 23. Qe4 Rff8 24. Qd5+ Kh8 25. Re6 dxc3 26. bxc3
Qxc3 27. Rae1 Rad8 28. Qh5 b5 29. Re7 Rd7 30. Re8 Rd8 31. R8e7 f3 32. g4 Qf6
33. h4 Kg8 34. g5 Qf5 35. R1e4 Rf7 36. R7e6 d5 37. Re1 Qh3 38. Re8+ Rf8 39.
Rxf8+ Rxf8 40. gxh6 Qg2# {White checkmated} 0-1

[Event "ICC tourney 3015 (30 10)"]
[Site "Internet Chess Club"]
[Date "2022.09.24"]
[Round "5"]
[White "Jones, Richard S:weakfish"]
[Black "RAVIND G N, RICNESH:RickyCarlsen"]
[Result "1-0"]
[ICCResult "Black forfeits on time"]
[WhiteElo "1378"]
[BlackElo "1700"]
[Opening "Scandinavian: Pytel-Wade variation"]
[ECO "B01"]
[NIC "SD.02"]
[Time "20:00:05"]
[PlyCount "151"]
[TimeControl "1800+10"]

1. e4 d5 2. exd5 Qxd5 3. Nc3 Qd6 4. d4 Nf6 5. Nf3 c6 6. Bg5 Bf5 7. Be2 h6 8.
Bh4 e6 9. Bxf6 gxf6 10. Qd2 Nd7 11. O-O-O O-O-O 12. h3 h5 13. Kb1 Bh6 14.
Qe1 Bg5 15. Bd3 Bxd3 16. Rxd3 Qb4 17. Ne4 Qxe1+ 18. Rxe1 Rhg8 19. Nd6+ Kc7
20. Nxf7 Rde8 21. N7xg5 fxg5 22. Ne5 Ref8 23. f3 Rf4 24. c3 Nb6 25. b3 Rf6
26. Rde3 Nd5 27. Rd3 Nf4 28. Rd2 Rd8 29. Nd3 Nd5 30. Kc2 a5 31. Rde2 Kd6 32.
Re5 b6 33. c4 Nf4 34. Nxf4 Rxf4 35. Rxe6+ Kd7 36. Kc3 Kc7 37. R1e4 Rxe4 38.
Rxe4 Rd7 39. Re5 Rg7 40. Kd3 Kd6 41. Re4 Rg6 42. a3 Rg7 43. Re5 c5 44. Rd5+
Kc6 45. dxc5 bxc5 46. Ke4 Re7+ 47. Re5 Rd7 48. Rxg5 Rd4+ 49. Ke3 h4 50. Rg4
Rd1 51. Rxh4 Rb1 52. b4 axb4 53. axb4 cxb4 54. Rh5 b3 55. Kd2 b2 56. Kc2 Rg1
57. Kxb2 Rxg2+ 58. Kc3 Rg3 59. Kb4 Rxf3 60. Rh6+ Kc7 61. Kb5 Rb3+ 62. Kc5
Rf3 63. Rh7+ Kc8 64. Kb5 Rb3+ 65. Kc6 Kd8 66. c5 Rf3 67. h4 Rf6+ 68. Kb5 Kc8
69. h5 Rf1 70. h6 Rb1+ 71. Kc6 Kd8 72. Rb7 Rh1 73. h7 Kc8 74. Rg7 Rh6+ 75.
Kb5 Rh1 76. Rg8+ {Black forfeits on time} 1-0